 Dungeon Crawl Stone Soup version 0.24-a0-140-gcaa6c10 (webtiles) character file.

Game seed: 12470085657235971014

266 galech the Chopper (level 6, 0/72 HPs)
             Began as a Demonspawn Fighter on Mar 4, 2019.
             Was a Follower of Okawaru.
             Slain by a scorpion (6 damage)
             ... on level 4 of the Dungeon.
             The game lasted 00:04:49 (3208 turns).

galech the Chopper (Demonspawn Fighter)             Turns: 3208, Time: 00:04:52

Health: 0/72       AC: 23    Str: 16    XL:     6   Next: 0%
Magic:  6/6        EV:  2    Int: 14    God:    Okawaru [*.....]
Gold:   287        SH:  9    Dex: 15    Spells: 5/5 levels left

rFire    . . .     SeeInvis .   a - +0 war axe
rCold    . . .     Gourm    .   c - +0 shield
rNeg     + + +     Faith    .   (armour currently unavailable)
rPois    +         Spirit   .   (helmet currently unavailable)
rElec    .         Reflect  .   (cloak currently unavailable)
rCorr    +         Harm     .   (gloves currently unavailable)
MR       .....     NoTele   +   (boots currently unavailable)
Stlth    +.........             (no amulet)
HPRegen  0.22/turn              d - ring of resist corrosion
MPRegen  0.10/turn              q - +2 ring of evasion (curse)

@: brilliant, lethally poisoned (0 -> -13), tree-form
A: foul stench 1, rot immunity
a: Heroism, Renounce Religion


You were on level 4 of the Dungeon.
You worshipped Okawaru.
Okawaru was aware of your devotion.
You were not hungry.
You were a tree.
You visited 1 branch of the dungeon, and saw 4 of its levels.

You collected 287 gold pieces.

Inventory:

Hand Weapons
 a - a +0 war axe (weapon)
Armour
 c - a +0 shield (worn)
 t - a +0 chain mail (melded)
Jewellery
 d - a ring of resist corrosion (left branch)
 q - a cursed +2 ring of evasion (right branch)
 v - an uncursed ring of magical power
Scrolls
 j - a scroll of enchant armour
 l - a scroll of remove curse
 n - a scroll of teleportation
 o - a scroll of magic mapping
 p - a scroll of amnesia
 s - 4 scrolls of identify
Potions
 b - a potion of mutation {unknown}
 e - a potion of curing {unknown}
 g - 6 potions of lignification
 h - a potion of flight {unknown}
 i - a potion of degeneration {unknown}
 k - a potion of heal wounds {unknown}
 m - a potion of brilliance
 r - a potion of magic {unknown}
Comestibles
 f - 7 rations


   Skills:
 + Level 3.9 Fighting
 + Level 4.0 Axes
 + Level 3.2 Armour
 + Level 0.5 Dodging
 + Level 3.7 Shields


You had 5 spell levels left.
You didn't know any spells.
Your spell library was empty.

Dungeon Overview and Level Annotations

Branches:
Dungeon (4/15)
 Temple: D:4-7

Altars:
Okawaru
Trog
Wu Jian


Innate Abilities, Weirdness & Mutations

((You have a pair of small antennae on your head.))
You may emit foul miasma when damaged in melee.
You are immune to rotting.


Message History

The worker ant bites you but does no damage.
The phantom blinks!
The scorpion barely misses you.
You hit the worker ant.
The worker ant is severely wounded.
You closely miss the scorpion.
* * * LOW HITPOINT WARNING * * *
You feel sick. You block the worker ant's attack.
The phantom blinks!
You block the scorpion's attack. The worker ant barely misses you.
It was a potion of lignification.
You turn into a tree.
Your +0 chain mail melds into your body.
Your roots penetrate the ground.
You feel sick. You block the worker ant's attack. The scorpion stings you.
* * * LOW HITPOINT WARNING * * *
It was a potion of brilliance.
You feel clever all of a sudden.
You feel sick. The worker ant bites you.
* * * LOW HITPOINT WARNING * * *
You are lethally poisoned!
The worker ant poisons you! The scorpion stings you.
You die...

#....... .....
######.# ###....
#.... #...... ##...
#..... #..< .....
##.. ...#### #..
#as..# #.. #.♣..#
##. #....# {##
+....# #.
#....##### .#.
#........#######.#.
#.....W..........#.
###.............##.
#.............##.
#......$......##.


You could see a phantom, a scorpion and a worker ant.

Vanquished Creatures
  3 orc priests (D:4)
  4 gnolls (D:3)
  A howler monkey skeleton (D:4)
  2 adders
  An ooze (D:1)
  4 worms
  A dart slug (D:1)
  4 leopard geckos
  2 orcs (D:3)
  3 giant cockroaches
  5 goblins
  11 hobgoblins
  11 jackals
  8 kobolds
  4 ball pythons
  12 bats
  2 frilled lizards
  12 rats
90 creatures vanquished.

Notes
Turn   | Place    | Note
-------+----------+-------------------------------------------
     0 | D:1      | galech the Demonspawn Fighter began the quest for the Orb.
     0 | D:1      | Reached XP level 1. HP: 18/18 MP: 1/1
   148 | D:1      | Gained mutation: You are immune to rotting. [demonic
                  | ancestry]
   148 | D:1      | Reached XP level 2. HP: 24/24 MP: 2/2
   176 | D:1      | Reached skill level 2 in Axes
   276 | D:1      | Reached XP level 3. HP: 22/29 MP: 3/3
   778 | D:2      | Found an iron altar of Okawaru.
   783 | D:2      | Became a worshipper of Warmaster Okawaru
   974 | D:2      | Reached XP level 4. HP: 22/35 MP: 4/4
  1260 | D:2      | Found a bloodstained altar of Trog.
  1544 | D:3      | Found an ornate altar of the Wu Jian Council.
  1553 | D:3      | Reached skill level 3 in Axes
  2565 | D:3      | Gained mutation: You have a pair of small antennae on your
                  | head. [demonic ancestry]
  2565 | D:3      | Reached XP level 5. HP: 17/41 MP: 5/5
  2857 | D:4      | HP: 2/42 [orc priest/+3 flail (4)]
  2858 | D:4      | Reached * piety under Okawaru
  2858 | D:4      | Reached skill level 4 in Axes
  3037 | D:4      | Gained mutation: You may emit foul miasma when damaged in
                  | melee. [demonic ancestry]
  3037 | D:4      | Reached XP level 6. HP: 31/48 MP: 6/6
  3208 | D:4      | Slain by a scorpion

Levels and vault maps discovered:
D:1:      eino_arrival_cavern_a, layout_rooms
D:2:      layout_rooms, okawaru_ov_weapons_minmay,
          nicolae_overflow_crystal_walls, minmay_split_cup_small
D:3:      layout_basic, lemuel_crystal_altar, first_ration
D:4:      minmay_evil_eye, layout_basic, lemuel_blue_sif_altar,
          kennysheep_another_room, uniq_duvessa, uniq_robin

Skill      XL: |  1  2  3  4  5 |
---------------+----------------+-----
Axes           | 2 3 4 |  4.0
Shields        | 3 |  3.7
Armour         | 3 |  3.2
Fighting       | |  3.9
Dodging        | |  0.5

Action                   |  1- 3 |  4- 6 || total
-------------------------+-------+-------++-------
Melee: War axe           |   106 |   141 ||   247
       Hand axe          |    36 |       ||    36
  Use: Scroll            |     3 |     3 ||     6
       Potion            |       |     4 ||     4
  Eat: Chunk             |     1 |     7 ||     8
Armor: Scale mail        |   100 |    38 ||   138
       Chain mail        |       |    27 ||    27
Dodge: Dodged            |    53 |    48 ||   101
Block: Shield            |   105 |    69 ||   174

Table legend:
 A = Non-vault XP
 B = Vault XP
 C = Vault XP percentage of total XP
 D = Non-vault monster count
 E = Vault monster count
 F = Vault count percentage of total count
                 A         B        C        D         E       F
            +---------+---------+-------+---------+---------+-------
      Total |     374 |       7 |   1.8 |      87 |       3 |   3.3
            +---------+---------+-------+---------+---------+-------
        D:1 |      59 |       0 |   0.0 |      30 |       0 |   0.0
        D:2 |      48 |       7 |  12.7 |      21 |       3 |  12.5
        D:3 |     125 |       0 |   0.0 |      31 |       0 |   0.0
        D:4 |     142 |       0 |   0.0 |       5 |       0 |   0.0
            +---------+---------+-------+---------+---------+-------
